 Dungeon Crawl Stone Soup version 0.28.0-43-g3370ac3207 (webtiles) character file.

Game seed: 3900007123454297917

30 terff the Covered (level 3, -1/29 HPs)
             Began as a Human Fighter on Mar 30, 2022.
             Slain by Sigmund
             ... wielding a +0 scythe
              (3 damage)
             ... on level 2 of the Dungeon.
             The game lasted 00:01:40 (1175 turns).

terff the Covered (Human Fighter)                   Turns: 1175, Time: 00:01:41

Health: -1/29      AC:  6    Str: 16    XL:     3   Next: 37%
Magic:  3/3        EV:  8    Int:  8    God:
Gold:   21         SH:  5    Dex: 14    Spells: 2/2 levels left

rFire   . . .      SeeInvis .   a - +0 flail
rCold   . . .      Faith    .   c - +0 buckler
rNeg    . . .      Spirit   .   b - +0 scale mail
rPois   .          Reflect  .   (no helmet)
rElec   .          Harm     .   (no cloak)
rCorr   .          Rampage  .   (no gloves)
Will    .....                   (no boots)
Stlth   ..........              (no amulet)
HPRegen 0.09/turn               g - ring of flight
MPRegen 0.08/turn               (no ring)

@: flying
A: no striking features
a: no special abilities


You were on level 2 of the Dungeon.
You visited 1 branch of the dungeon, and saw 2 of its levels.

You collected 21 gold pieces.

Inventory:

Hand Weapons
 a - a +0 flail (weapon)
Armour
 b - a +0 scale mail (worn)
 c - a +0 buckler (worn)
Jewellery
 e - a ring of fire
 g - a ring of flight (left hand)
Scrolls
 h - 2 scrolls of teleportation {unknown}
 k - a scroll of immolation {unknown}
Potions
 d - a potion of might
 f - a potion of cancellation {unknown}
 i - 2 potions of brilliance {unknown}
 j - 2 potions of attraction {unknown}


   Skills:
 * Level 3.3 Fighting
 + Level 2.5 Maces & Flails
 + Level 3.3 Armour
 + Level 3.3 Shields


You had 2 spell levels left.
You didn't know any spells.
Your spell library was empty.

Dungeon Overview and Level Annotations

Branches:
Dungeon (2/15)

Altars:

Annotations:
D:2 Sigmund


Message History

You see here a hobgoblin corpse.
Sigmund the Dreaded comes into view.
He is wielding a +0 scythe.
Sigmund shouts!
Sigmund giggles. "Time to reap what you sow."
You block Sigmund's attack.
You thump Sigmund!
Sigmund is moderately wounded.
A hobgoblin comes into view.
Sigmund hits you but does no damage.
You barely miss Sigmund.
Sigmund is moderately wounded.
Sigmund barely misses you.
You sock Sigmund!
Sigmund is heavily wounded.
Sigmund gestures at you while chanting.
You are confused.
Sigmund hits you with a +0 scythe.
You bump into the rock wall.
Sigmund hits you from afar with a +0 scythe.
The hobgoblin hits you.
You feel less confused.
Sigmund hits you from afar with a +0 scythe.
The hobgoblin barely misses you.
You barely miss the hobgoblin. The hobgoblin barely misses you.
Sigmund hits you but does no damage.
You hit the hobgoblin.
You kill the hobgoblin!
Sigmund casts a spell at you. The magic dart hits you.
Sigmund hits you with a +0 scythe.
* * * LOW HITPOINT WARNING * * *
You see here a hobgoblin corpse.
You hit Sigmund.
Sigmund is heavily wounded.
Sigmund hits you with a +0 scythe.
* * * LOW HITPOINT WARNING * * *
You completely miss Sigmund.
Sigmund is heavily wounded.
Sigmund hits you with a +0 scythe.
You die...

#### ...# #...
#..# #..# # #..#
#.# #.#..# #.#
#.#.@######.#
#####.#.@....##.#
.........###.##.#
##.###..####.##.#
#.......##.#
#..####.##.#
.............#
#..#######.####
#..# #.# ##..#
#.#


You could see Sigmund.

Vanquished Creatures
  A ball python (D:1)
  5 endoplasms (D:1)
  A giant cockroach (D:1)
  5 goblins (D:1)
  5 hobgoblins
  2 kobolds (D:1)
  2 bats (D:1)
  4 frilled lizards (D:1)
  A rat (D:1)
26 creatures vanquished.

Vanquished Creatures (others)
  A plant (D:1)
1 creature vanquished.

Grand Total: 27 creatures vanquished

Notes
Turn   | Place    | Note
-------+----------+-------------------------------------------
     0 | D:1      | terff the Human Fighter began the quest for the Orb.
     0 | D:1      | Reached XP level 1. HP: 18/18 MP: 1/1
   192 | D:1      | Reached XP level 2. HP: 24/24 MP: 2/2
   526 | D:1      | Reached XP level 3. HP: 29/29 MP: 3/3
   585 | D:1      | Found a faded altar of an unknown god.
  1158 | D:2      | Noticed Sigmund
  1175 | D:2      | Slain by Sigmund

Illustrated notes

Levels and vault maps discovered:
D:1:      nicolae_arrival_somewhat_less_tricky_arrival, layout_loops_ring,
          shapermc_ecumenical_altar_hornbeckon
D:2:      layout_loops_ring, serial_rivers, chequers_serial_rivers_micro_c,
          chequers_serial_rivers_marsh, chequers_serial_rivers_room_b,
          chequers_serial_rivers_small_a, basic_altar, uniq_sigmund

Action                   || total
-------------------------++-------
Melee: Flail             ||    75
Armor: Scale mail        ||    40
Dodge: Dodged            ||    32
Block: Buckler           ||    14
